 Dungeon Crawl Stone Soup version 0.30-a0-335-ge5acde7520 (webtiles) character file.

Game seed: 6865862708073113708

210 Lobster4 the Grasshopper (level 5, -3/24 HPs)
             Began as a Felid Warper on Oct 30, 2022.
             Was an Initiate of Vehumet.
             Killed by an exploding scorpion (27 damage)
             ... ignited by their inner flame
             ... in an ossuary.
             The game lasted 00:15:26 (2635 turns).

Lobster4 the Grasshopper (Felid Warper)             Turns: 2635, Time: 00:15:27

Health: -3/24      AC:  1    Str:  7    XL:     5   Next: 57%
Magic:  10/10      EV: 19    Int: 16    God:    Vehumet [......]
Gold:   190        SH:  0    Dex: 16    Spells: 4/10 levels left
                                        Lives:  0   Deaths: 1

rFire   . . .      SeeInvis +      - Unarmed
rCold   . . .      Faith    .    (shield unavailable)
rNeg    . . .      Spirit   .    (body armour unavailable)
rPois   .          Reflect  .    (helmet unavailable)
rElec   .          Harm     .    (cloak unavailable)
rCorr   .          Rampage  .    (gloves unavailable)
Will    .....                    (boots unavailable)
Stlth   +++.......               (no amulet)
HPRegen 0.24/turn                (no ring)
MPRegen 0.12/turn                (no ring)

@: hasted, very quick
A: very small, claws 1, fangs 3, see invisible, speed 1, shaggy fur 1, stealthy
paws, no weapons or thrown items, no armour, multi-lived
a: Renounce Religion


You were in an ossuary.
You worshipped Vehumet.
Vehumet was noncommittal.
You visited 1 branch of the dungeon, and saw 4 of its levels.
You also visited: Ossuary.

You collected 190 gold pieces.

Inventory:

Scrolls
 b - a scroll of brand weapon {unknown}
 c - a scroll of magic mapping
 i - a scroll of immolation
Potions
 e - 2 potions of flight
 j - a potion of brilliance
 l - a potion of lignification


   Skills:
 - Level 3.0 Fighting
 + Level 4.5 Dodging
 + Level 3.7 Stealth
 - Level 3.0 Unarmed Combat
 + Level 3.1 Spellcasting
 + Level 5.6 Translocations


You had 4 spell levels left.
You knew the following spells:

 Your Spells              Type           Power      Damage    Failure   Level
a - Blink                 Tloc           40%        N/A       2%          2
b - Freeze                Ice            8%         1d3       19%         1
c - Teleport Other        Tloc           20%        N/A       5%          3

Your spell library contained the following spells:

 Spells                   Type           Power      Damage    Failure   Level
 Lesser Beckoning         Tloc           40%        N/A       5%          3
 Vhi's Electric Charge    Tloc/Air       22%        N/A       17%         3
 Manifold Assault         Tloc           20%        N/A       19%         4
 Frozen Ramparts          Ice            4%         1d1       50%         3
 Hailstorm                Conj/Ice       2%         3d3       50%         3
 Chain Lightning          Conj/Air       1%         3d1       100%        9
 Fire Storm               Conj/Fire      1%         7d1       100%        9
 Shatter                  Erth           1%         3d5*      100%        9


Dungeon Overview and Level Annotations

Branches:
Dungeon (4/15)             Temple (0/1) D:4         Ossuary (1/1)

Altars:
Gozag
Vehumet

Annotations:
D:2 Robin, Sigmund, Terence
D:4 Dowan


Innate Abilities, Weirdness & Mutations

You have sharp claws.
You have razor-sharp teeth.
You have supernaturally acute eyesight. (SInv)
You cover ground quickly. (Speed+)
You are covered in fur. (AC +1)
Your paws help you pounce on unaware monsters.
You are incapable of wielding weapons or throwing items.
You cannot wear armour.
You gain extra lives every three experience levels.


Message History

The human zombie misses you.
You closely miss the human zombie.
The human zombie is severely damaged.
The human zombie closely misses you.
You scratch the human zombie.
You claw the human zombie, but do no damage.
The human zombie is almost destroyed.
You scratch the human zombie.
The human zombie is almost destroyed.
The human zombie closely misses you.
You completely miss the human zombie.
The human zombie is almost destroyed.
The human zombie closely misses you.
You scratch the human zombie.
The human zombie is almost destroyed.
You scratch the human zombie.
You destroy the human zombie!
Vehumet accepts your kill.
There is an open door here.
You start resting.
HP restored.
Okay, then.
There is an open door here.
As you read the scroll labelled HAPSAH RYFY, it crumbles to dust.
The creatures around you are filled with an inner flame!
It was a scroll of immolation.
There is an open door here.
You start waiting.
A scorpion is nearby!
It was a potion of haste.
You feel yourself speed up.
You closely miss the scorpion. You scratch the scorpion.
Flame seeps out of the scorpion.
Your claw misses the scorpion.
The scorpion is moderately wounded.
The scorpion is engulfed in blazing flames.
Vehumet accepts your kill.
The scorpion explodes!
The fiery explosion engulfs you!!
Ouch! That really hurt!
You die...

#########
#...#...#
#.∩.§§§.#
#...#○@.#
##'######
#...#
#...8.
#.......
##8...8##
...s...#
...8...#
...#Z..#


There were no monsters in sight!

Vanquished Creatures
  Duvessa (D:4)
  A scorpion (Ossuary)
  A human zombie (Ossuary)
  A hound (D:4)
  Jessica (D:3)
  2 adders
  2 dart slugs
  7 bats
  6 endoplasms
  4 giant cockroaches
  11 goblins
  4 hobgoblins
  2 jackals (D:2)
  4 quokkas
  5 ball pythons
  2 frilled lizards
  6 kobolds
  3 rats
63 creatures vanquished.

Vanquished Creatures (others)
  4 toadstools (D:1)
4 creatures vanquished.

Grand Total: 67 creatures vanquished

Notes
Turn   | Place    | Note
-------+----------+-------------------------------------------
     0 | D:1      | Lobster4 the Felid Warper began the quest for the Orb.
     0 | D:1      | Reached XP level 1. HP: 9/9 MP: 4/4
   235 | D:1      | Reached XP level 2. HP: 13/13 MP: 6/6
   243 | D:1      | Learned a level 2 spell: Blink
   467 | D:1      | Reached skill level 1 in Stealth
   669 | D:2      | Noticed Sigmund
   749 | D:2      | Noticed Robin
   749 | D:2      | Noticed Terence
  1119 | D:2      | Reached XP level 3. HP: 15/16 MP: 7/7
  1386 | D:3      | Found an opulent altar of Gozag.
  1671 | D:3      | Found a radiant altar of Vehumet.
  1674 | D:3      | Noticed Jessica
  1679 | D:3      | Killed Jessica
  1680 | D:3      | Reached XP level 4. HP: 16/20 MP: 8/8
  1682 | D:3      | Became a worshipper of Vehumet
  2081 | D:3      | Identified the +9 flail of Jaareick {antimagic, rC+ Will+
                  | SInv}
  2121 | D:4      | Reached skill level 5 in Translocations
  2128 | D:4      | Learned a level 1 spell: Freeze
  2193 | D:4      | Reached XP level 5. HP: 23/23 MP: 10/10
  2257 | D:4      | Noticed Duvessa
  2257 | D:4      | Noticed Dowan
  2274 | D:4      | Killed from afar by Dowan
  2275 | D:4      | Reached XP level 4. HP: -7/30 MP: 8/9
  2275 | D:4      | Killed Duvessa
  2276 | D:4      | Reached XP level 5. HP: 24/24 MP: 10/10
  2346 | D:4      | Found a sand-covered staircase.
  2350 | Ossuary  | Entered an ossuary
  2575 | Ossuary  | Learned a level 3 spell: Teleport Other
  2635 | Ossuary  | Killed by an exploding scorpion... ignited by their inner
                  | flame

Illustrated notes

Levels and vault maps discovered:
D:1:      ldierk_water_garden, layout_rooms, hex_tiny, columned_hall_lemuel
D:2:      layout_basic, uniq_robin, uniq_sigmund, uniq_terence
D:3:      layout_basic, nicolae_overflow_crystal_walls, general_overflow_altar,
          uniq_jessica
D:4:      layout_loops_corners, kennysheep_mini, mainiacjoe_overflow_catwalk,
          minmay_temple_entry_antechambers,
          lightli_ossuary_entry_decrepit_ruins, uniq_edmund, uniq_duvessa
Ossuary:  ossuary_minmay_scorpions

Skill      XL: |  1  2  3  4 |
---------------+-------------+-----
Stealth        | 1 2 3 |  3.7
Translocations | 5 |  5.6
Dodging        | 4 |  4.5
Fighting       | 3 |  3.0
Unarmed Combat | 3 |  3.0
Spellcasting   | 3 |  3.1

Action                   |  1- 3 |  4- 6 || total
-------------------------+-------+-------++-------
Melee: Unarmed           |   153 |    67 ||   220
       Bite              |    13 |     6 ||    19
       Punch             |     3 |     2 ||     5
 Cast: Freeze            |       |     4 ||     4
       Blink             |       |     1 ||     1
  Use: Scroll            |     5 |     7 ||    12
       Potion            |       |     4 ||     4
 Stab: Sleeping          |     2 |     6 ||     8
Armor: Skin              |    17 |     6 ||    23
Dodge: Dodged            |   150 |    46 ||   196

Table legend: (Time is in decaauts)
 A = Elapsed time spent in this place.
 B = Non-inter-level travel time spent in this place.
 C = Inter-level travel time spent in this place.
 D = Time resting spent in this place.
 E = Time spent auto-exploring this place.
 F = Levels seen in this place.
 G = Mean time per level.
                   A        B        C        D        E       F      G
               +--------+--------+--------+--------+--------+-----+--------+
         Total |   2286 |   2090 |    196 |    482 |    585 |   5 |  457.2 |
       Dungeon |   2009 |   1813 |    196 |    253 |    585 |   4 |  502.2 |
       Ossuary |    277 |    277 |      0 |    228 |      0 |   1 |  277.0 |
               +--------+--------+--------+--------+--------+-----+--------+

Top non-repeatable levels by time:
     D:1: 741 daAuts
     D:3: 654 daAuts
     D:2: 409 daAuts
 Ossuary: 277 daAuts
     D:4: 204 daAuts
